 Dungeon Crawl Stone Soup version 0.29.1-1-gd02db69 (webtiles) character file.

Game seed: 15935030156802748187

14890 Nuqeye the Thaumaturge (level 11, -1/58 HPs)
             Began as a Spriggan Venom Mage on Apr 15, 2023.
             Was a Priest of Vehumet.
             Slain by a komodo dragon (26 damage)
             ... on level 3 of the Lair of Beasts.
             The game lasted 02:18:13 (15388 turns).

Nuqeye the Thaumaturge (Spriggan Venom Mage)       Turns: 15388, Time: 02:18:13

Health: -1/58      AC:  5    Str:  4    XL:     11   Next: 94%
Magic:  0/26       EV: 20    Int: 22    God:    Vehumet [***...]
Gold:   522        SH:  0    Dex: 15    Spells: 5/30 levels left

rFire   . . .      SeeInvis +   H - +3 dagger
rCold   . . .      Faith    .   (no shield)
rNeg    + . .      Spirit   .   a - +1 robe
rPois   .          Reflect  .   E - +2 hat
rElec   .          Harm     .   (no cloak)
rCorr   .          Rampage  .   (gloves unavailable)
Will    +....                   (boots unavailable)
Stlth   ++++......              e - amulet of regeneration
HPRegen 0.99/turn               k - ring of positive energy
MPRegen 0.20/turn               (no ring)

@: about to teleport, very quick
A: very small, no large weapons, unfitting armour, see invisible, speed 3
a: Renounce Religion


You were on level 3 of the Lair of Beasts.
You worshipped Vehumet.
Vehumet was most pleased with you.
You visited 3 branches of the dungeon, and saw 13 of its levels.

You collected 522 gold pieces.

Inventory:

Hand Weapons
 c - a +0 dagger
 A - the +7 spear of the Real Monster {freeze, Fly rCorr Dex+3}
   (You found it on level 5 of the Dungeon)

   It freezes those it strikes, dealing additional cold damage.
   It can also slow down cold-blooded creatures.
   Dex:       It affects your dexterity (+3).
   Fly:       It grants you flight.
   rCorr:     It protects you from acid and corrosion.
 H - a +3 dagger (weapon)
Missiles
 b - 2 throwing nets (quivered)
 m - 89 stones
 s - 3 poisoned darts
 u - 4 boomerangs of dispersal
 I - 2 boomerangs
Armour
 a - a +1 robe (worn)
 E - a +2 hat (worn)
Jewellery
 e - an amulet of regeneration (around neck)
 g - the necklace of Bloodlust {*Rage Will++ Int-3 Slay+6}
   (You found it on level 2 of the Lair of Beasts)

   [amulet of nothing]

   It extends the wearer's berserk rage when killing foes.
   Int:       It affects your intelligence (-3).
   Slay:      It affects your accuracy & damage with ranged weapons and melee
   (+6).
   *Rage:     It berserks you when you make melee attacks (+50% chance).
   Will:      It greatly increases your willpower.
 k - a ring of positive energy (left hand)
 o - an amulet of the acrobat
 F - a ring of positive energy
Wands
 C - a wand of roots (25)
Scrolls
 f - 3 scrolls of amnesia
 i - 3 scrolls of teleportation
 n - a scroll of poison
 p - a scroll of magic mapping
 t - a scroll of torment
 w - a scroll of immolation
 x - a scroll of noise {unknown}
 y - a scroll of enchant armour
 B - a scroll of blinking {unknown}
 G - a scroll of summoning {unknown}
Potions
 d - 8 potions of curing
 h - 3 potions of mutation
 j - 5 potions of flight
 l - 2 potions of cancellation
 q - a potion of brilliance {unknown}
 r - a potion of berserk rage {unknown}
 v - 2 potions of ambrosia {unknown}
 z - 3 potions of haste {unknown}
 D - a potion of heal wounds {unknown}
 J - a potion of lignification {unknown}


   Skills:
 - Level 7.0 Fighting
 + Level 6.3 Dodging
 - Level 8.0 Stealth
 - Level 10.0 Spellcasting
 + Level 6.4 Conjurations
 - Level 7.0 Summonings
 - Level 1.3 Transmutations
 - Level 3.0 Air Magic
 - Level 8.0 Poison Magic


You had 5 spell levels left.
You knew the following spells:

 Your Spells              Type           Power      Damage    Failure   Level
a - Summon Small Mammal   Summ           100%       N/A       1%          1
b - Sting                 Tmut/Pois      100%       1d8       1%          1
c - Call Canine Familiar  Summ           41%        N/A       1%          3
d - Summon Lightning Spi  Summ/Air       33%        N/A       8%          4
e - Conjure Flame         Conj/Fire      25%        6-21      1%          3
g - Summon Guardian Gole  Hex/Summ       26%        N/A       4%          3
m - Mephitic Cloud        Conj/Pois/Air  36%        N/A       1%          3
r - Olgreb's Toxic Radia  Pois           46%        N/A       1%          4
s - Shock                 Conj/Air       100%       1d9       1%          1
v - Poisonous Vapours     Pois/Air       70%        N/A       1%          2

Your spell library contained the following spells:

 Spells                   Type           Power      Damage    Failure   Level
 Airstrike                Air            12%        2d(2-18)  4%          4
 Lightning Bolt           Conj/Air       15%        1d29      7%          5
 Portal Projectile        Hex/Tloc       22%        N/A       19%         3
 Cause Fear               Hex            5%         N/A       52%         4
 Leda's Liquefaction      Hex/Erth       5%         N/A       52%         4
 Dragon Form              Tmut           8%         N/A       100%        7
 Dragon's Call            Summ           20%        N/A       100%        9


Dungeon Overview and Level Annotations

Branches:
Dungeon (9/15)             Temple (1/1) D:5            Lair (3/5) D:8
 Spider (0/4) Lair:2
  Swamp: Lair:2-3    Shoals: Lair:2-3       Orc: D:9-12

Altars:
Cheibriados
Dithmenos
Elyvilon
Fedhas
Gozag
Hepliaklqana
Makhleb
Nemelex Xobeh
Okawaru
Qazlal
Ru
Trog
Uskayaw
Vehumet
Xom
Zin
The Shining One

Shops:
D:5 !   D:6 (

Annotations:
D:4 Menkaure
Lair:1 exclusion: oklob plant


Innate Abilities, Weirdness & Mutations

You are very small and have problems with some larger weapons.
You are too small for most types of armour.
You have supernaturally acute eyesight. (SInv)
You cover ground extremely quickly. (Speed+++)


Message History

Your hound dies!
Your hound's corpse disappears in a puff of smoke!
Unknown command.
Casting: Call Canine Familiar (safe; 1% risk of failure)
Confirm with . or Enter, or press ? or * to list all spells.
Aiming: Sting (safe; 1% risk of failure)
Press: ? - help, Shift-Dir - straight line, f/p - polar bear
Aim: a polar bear (heavily wounded, extremely poisoned, 84% to hit)
The sting hits the polar bear.
The polar bear looks as sick as possible!
The polar bear is heavily wounded.
Found a stone staircase leading down.
Your magical contamination has completely faded away.
Casting: Sting (safe; 1% risk of failure)
Confirm with . or Enter, or press ? or * to list all spells.
Aiming: Sting (safe; 1% risk of failure)
Press: ? - help, Shift-Dir - straight line, f/p - polar bear
Aim: a polar bear (severely wounded, extremely poisoned, 84% to hit)
The sting misses the polar bear.
Found 15 gold pieces.
The polar bear goes berserk!
The polar bear rages.
Casting: Sting (safe; 1% risk of failure)
Confirm with . or Enter, or press ? or * to list all spells.
Aiming: Sting (safe; 1% risk of failure)
Press: ? - help, Shift-Dir - straight line, f/p - polar bear
Aim: a polar bear (severely wounded, berserk, extremely poisoned, 84% to hit)
The sting hits the polar bear.
The polar bear looks as sick as possible!
The polar bear is severely wounded.
A komodo dragon comes into view.
The komodo dragon hisses angrily.
You hit the komodo dragon but do no damage.
The polar bear completely misses you. The polar bear claws you.
The polar bear closely misses you. The komodo dragon bites you!
As you read the scroll of teleportation, it crumbles to dust.
You feel strangely unstable. The polar bear bites you!
The polar bear completely misses you. The polar bear misses you.
The komodo dragon bites you!!
You die...

..... .............
...................
.......##...#.....##
#......##P..#......##
#......#.....# ...#.#
###............##.>..#
P..............P.....#
...............h@..PP#
#......#.##.####l......
#.......#####.....$P#.
#........ยง........###
............h.......#
.$...................
......................
.......................
...................


You could see a polar bear (berserk, extremely poisoned) and a komodo dragon.

Vanquished Creatures
  A catoblepas (Lair:1)
  A two-headed ogre (D:8)
  2 death yaks (Lair:3)
  Pikel (D:5)
  Joseph (D:7)
  3 komodo dragons
  Psyche (D:8)
  A rime drake (Lair:1)
  A polar bear (Lair:2)
  Sigmund (D:5)
  A jumping spider (Lair:2)
  4 yaks
  2 wyverns
  2 steam dragons
  2 redbacks (Lair:2)
  A water moccasin (Lair:1)
  An ice beast (D:6)
  3 black bears
  A sky beast (D:6)
  8 wolves
  An ogre (D:7)
  2 centaurs
  4 lemures (D:4)
  A kobold brigand (D:7)
  4 bullfrogs
  2 scorpions (D:4)
  2 wights (D:6)
  3 howler monkeys
  3 hounds
  An orc priest (D:3)
  3 jellies
  3 iguanas
  8 orc wizards
  5 gnolls
  4 adders
  2 white imps (D:5)
  An ufetubus (D:4)
  2 worms
  7 dart slugs
  11 orcs
  6 bats
  10 endoplasms
  A giant cockroach (D:1)
  8 goblins
  7 hobgoblins
  11 jackals
  7 quokkas
  8 ball pythons
  3 frilled lizards
  15 kobolds
  5 rats
188 creatures vanquished.

Vanquished Creatures (collateral kills)
  2 cane toads (Lair:2)
  A rime drake (Lair:2)
  3 blink frogs (Lair:3)
  A wyvern (Lair:1)
  2 yaks (Lair:2)
  6 water moccasins
  An ogre (D:7)
  A kobold brigand (D:7)
  A phantom (D:6)
  5 bullfrogs
  A necrophage (D:7)
  A wight (D:6)
  A gnoll (D:7)
  2 shadow imps
  A goblin (D:8)
  2 kobolds (D:7)
  3 butterflies (Lair:2)
34 creatures vanquished.

Vanquished Creatures (others)
  3 death yaks (Lair:3)
  A cane toad (Lair:1)
  2 yaks (Lair:2)
  2 wolves (Lair:1)
  5 wights (D:8)
  16 fungi
  36 plants
65 creatures vanquished.

Grand Total: 287 creatures vanquished

Notes
Turn   | Place    | Note
-------+----------+-------------------------------------------
     0 | D:1      | Nuqeye the Spriggan Venom Mage began the quest for the Orb.
     0 | D:1      | Reached XP level 1. HP: 9/9 MP: 5/5
   183 | D:1      | Reached skill level 3 in Spellcasting
   285 | D:1      | Reached XP level 2. HP: 13/13 MP: 0/7
   610 | D:1      | Found a faded altar of an unknown god.
   610 | D:1      | Noticed an orange demon
   898 | D:1      | Reached XP level 3. HP: 16/16 MP: 2/9
  1523 | D:2      | Reached skill level 4 in Spellcasting
  1985 | D:2      | Learned a level 2 spell: Poisonous Vapours
  2059 | D:2      | Reached XP level 4. HP: 21/21 MP: 7/11
  2150 | D:2      | Reached skill level 1 in Air Magic
  3147 | D:3      | Reached skill level 5 in Spellcasting
  3147 | D:3      | Reached XP level 5. HP: 24/24 MP: 0/13
  4330 | D:4      | Learned a level 3 spell: Mephitic Cloud
  4831 | D:4      | Noticed a black bear
  4846 | D:4      | Killed a black bear
  4847 | D:4      | Reached skill level 5 in Stealth
  4847 | D:4      | Reached XP level 6. HP: 29/29 MP: 5/14
  4877 | D:4      | Reached skill level 1 in Fighting
  5131 | D:4      | Noticed Menkaure
  5203 | D:5      | Entered Level 5 of the Dungeon
  5245 | D:5      | Noticed Pikel
  5245 | D:5      | Found a staircase to the Ecumenical Temple.
  5397 | D:4      | Reached skill level 1 in Conjurations
  5819 | D:4      | Reached XP level 7. HP: 35/35 MP: 10/15
  5939 | Temple   | Entered the Ecumenical Temple
  6165 | D:5      | Killed Pikel
  6166 | D:5      | Reached XP level 8. HP: 42/42 MP: 5/16
  6310 | D:5      | Found Eklubroi's Distillery.
  6321 | D:5      | Identified the +4 short sword of Conscience {chaos, rCorr}
  6335 | D:5      | Noticed Sigmund
  6363 | D:5      | Killed Sigmund
  6409 | D:5      | Reached skill level 1 in Summonings
  6579 | D:5      | Identified the +7 spear of the Real Monster {freeze, Fly
                  | rCorr Dex+3}
  6753 | D:5      | Found a radiant altar of Vehumet.
  6762 | D:5      | Became a worshipper of Vehumet
  7004 | D:5      | Reached skill level 6 in Spellcasting
  7010 | D:5      | Learned a level 3 spell: Call Canine Familiar
  8009 | D:6      | Found a hide-covered altar of Uskayaw.
  8148 | D:6      | Reached skill level 7 in Spellcasting
  8353 | D:6      | Reached XP level 9. HP: 45/45 MP: 13/21
  8633 | D:6      | Found Buehuhiceq's Weapon Emporium.
  8867 | D:6      | Reached skill level 8 in Spellcasting
  9238 | D:7      | Learned a level 4 spell: Olgreb's Toxic Radiance
  9532 | D:7      | Reached skill level 5 in Poison Magic
  9596 | D:7      | Learned a level 1 spell: Summon Small Mammal
  9612 | D:7      | Reached * piety under Vehumet
  9612 | D:7      | Offered knowledge of Shock by Vehumet.
  9615 | D:7      | Learned a level 1 spell: Shock
  9872 | D:7      | Noticed Joseph
  9900 | D:7      | Killed Joseph
 10659 | D:8      | Noticed a two-headed ogre
 10755 | D:8      | Killed a two-headed ogre
 10756 | D:8      | Reached XP level 10. HP: 51/51 MP: 1/23
 11009 | D:8      | Reached skill level 5 in Fighting
 11031 | D:8      | Noticed Psyche
 11070 | D:8      | Learned a level 3 spell: Summon Guardian Golem
 11310 | D:8      | Found a staircase to the Lair.
 11341 | D:8      | Killed Psyche
 12005 | Lair:1   | Entered Level 1 of the Lair of Beasts
 12132 | Lair:1   | Noticed an oklob plant
 12249 | Lair:1   | Noticed a catoblepas
 12306 | Lair:1   | Killed a catoblepas
 12448 | Lair:1   | Noticed a cane toad
 12459 | Lair:1   | Killed a cane toad
 12460 | Lair:1   | Reached skill level 5 in Summonings
 12696 | Lair:1   | Offered knowledge of Static Discharge by Vehumet.
 12844 | Lair:1   | Reached ** piety under Vehumet
 13297 | Lair:1   | Reached XP level 11. HP: 56/56 MP: 10/24
 13305 | Lair:1   | Learned a level 4 spell: Summon Lightning Spire
 13953 | Lair:2   | Reached skill level 5 in Dodging
 14253 | Lair:2   | Reached skill level 9 in Spellcasting
 14379 | Lair:2   | Found the necklace of Bloodlust {*Rage Will++ Int-3 Slay+6}
 14479 | Lair:2   | Found a hole to the Spider Nest.
 14484 | Lair:2   | Offered knowledge of Conjure Flame by Vehumet.
 14923 | Lair:2   | Reached skill level 10 in Spellcasting
 15142 | Lair:3   | Noticed a death yak
 15142 | Lair:3   | Noticed a death yak
 15144 | Lair:3   | Noticed a death yak
 15144 | Lair:3   | Noticed a death yak
 15145 | Lair:3   | Noticed a death yak
 15155 | Lair:3   | Killed a death yak
 15162 | Lair:3   | Noticed a death yak
 15168 | Lair:3   | Killed a death yak
 15182 | Lair:3   | Reached skill level 5 in Conjurations
 15183 | Lair:3   | Killed a death yak
 15183 | Lair:3   | Reached *** piety under Vehumet
 15189 | Lair:3   | Killed a death yak
 15190 | Lair:3   | Killed a death yak
 15229 | Lair:3   | Learned a level 3 spell: Conjure Flame
 15388 | Lair:3   | Slain by a komodo dragon

Illustrated notes

Levels and vault maps discovered:
D:1:      lemuel_arrival_hallway, layout_rooms,
          dreamdust_ecumenical_altar_sealed_demon, minmay_tromino_i2
D:2:      layout_loops_ring
D:3:      layout_basic
D:4:      layout_layer_cave, uniq_menkaure
D:5:      layout_rooms, mainiacjoe_overflow_alcove_2,
          minmay_temple_entry_sparse_star, serial_shops,
          nicolae_shop_behind_doors, uniq_sigmund, uniq_pikel
D:6:      layout_loops_cross, nicolae_uskayaw_murder_on_the_dancefloor,
          serial_shops, shop, lemuel_flamethrower_2
D:7:      layout_cave_pools, hangedman_abyss_or_decor_slice, uniq_joseph
D:8:      layout_rooms, david_lair_shrubbed, enter_bailey_3, uniq_psyche
D:9:      layout_gridville, mainiacjoe_overflow_concentric_impassable,
          mainiacjoe_overflow_alcove_3, minmay_alternating_orb
Temple:   nicolae_temple_bog_church
Lair:1:   layout_cave_pods, serial_bayou_shore_b, grunt_megastairs_1
Lair:2:   layout_regular_city, spider_nest_entry_funnel_web,
          chequers_serial_rivers_micro_a, lemuel_fruit_fields,
          grunt_megastairs_2
Lair:3:   layout_regular_city, shoals_dummy_entry, gammafunk_ghost_grave

Skill      XL: |  1  2  3  4  5  6  7  8  9 10 11 |
---------------+----------------------------------+-----
Spellcasting   | 3 4 5 7 8 10 | 10.0
Poison Magic   | 4 7 8 |  8.0
Air Magic      | 2 3 |  3.0
Stealth        | 5 8 |  8.0
Fighting       | 2 3 4 6 7 |  7.0
Conjurations   | 1 3 4 6 |  6.4
Summonings     | 3 4 7 |  7.0
Dodging        | 4 6 |  6.3
Transmutations | |  1.3

Action                   |  1- 3 |  4- 6 |  7- 9 | 10-12 || total
-------------------------+-------+-------+-------+-------++-------
Melee: Dagger            |     7 |    12 |    15 |    23 ||    57
       Unarmed           |     1 |       |       |       ||     1
       Spear             |       |       |    10 |       ||    10
Throw: Stone             |     7 |     1 |       |       ||     8
       Throwing net      |       |       |     2 |       ||     2
       Boomerang         |       |       |     1 |       ||     1
       Dart              |       |       |     1 |     1 ||     2
 Cast: Sting             |   105 |    72 |   116 |    26 ||   319
       Poisonous Vapours |     1 |    85 |    95 |    62 ||   243
       Call Canine Famil |       |       |    38 |    31 ||    69
       Mephitic Cloud    |       |       |     8 |     1 ||     9
       Shock             |       |       |    11 |    26 ||    37
       Summon Small Mamm |       |       |    11 |    14 ||    25
       Olgreb's Toxic Ra |       |       |     2 |    18 ||    20
       Summon Guardian G |       |       |       |    15 ||    15
       Summon Lightning  |       |       |       |    17 ||    17
       Conjure Flame     |       |       |       |     2 ||     2
Evoke: Wand              |       |       |     2 |       ||     2
  Use: Scroll            |       |     1 |     6 |     9 ||    16
       Potion            |       |       |     1 |     1 ||     2
 Stab: Sleeping          |     2 |     3 |     1 |       ||     6
       Distracted        |     1 |       |       |     1 ||     2
       Confused          |       |       |     1 |       ||     1
Armor: Robe              |     3 |     3 |    12 |    11 ||    29
Dodge: Dodged            |    27 |    39 |    59 |    64 ||   189
